 Dungeon Crawl Stone Soup version 0.28.0-43-g3370ac3207 (webtiles) character file.

Game seed: 15367268130225456421

281 Ablot the Grasshopper (level 6, 0/50 HPs)
             Began as a Gnoll Warper on Mar 12, 2022.
             Slain by Grinder (3 damage)
             ... on level 3 of the Dungeon.
             The game lasted 00:04:08 (3133 turns).

Ablot the Grasshopper (Gnoll Warper)                Turns: 3133, Time: 00:04:08

Health: 0/50       AC:  5    Str: 12    XL:     6   Next: 27%
Magic:  14/14      EV: 13    Int: 13    God:
Gold:   111        SH:  0    Dex: 11    Spells: 13/15 levels left

rFire   + . .      SeeInvis .   f - +1 dagger (venom)
rCold   . . .      Faith    .   (no shield)
rNeg    . . .      Spirit   .   v - +2 robe {rF+}
rPois   .          Reflect  .   (no helmet)
rElec   .          Harm     .   (no cloak)
rCorr   .          Rampage  .   (no gloves)
Will    .....                   n - +0 pair of boots
Stlth   ++........              (no amulet)
HPRegen 0.16/turn               (no ring)
MPRegen 0.14/turn               (no ring)

@: no status effects
A: fangs 1, strong nose, distributed training
a: no special abilities


You were on level 3 of the Dungeon.
You visited 1 branch of the dungeon, and saw 4 of its levels.

You collected 111 gold pieces.

Inventory:

Hand Weapons
 a - a +0 spear
 f - a +1 dagger of venom (weapon)
 o - a +0 hunting sling
Missiles
 d - 5 boomerangs of dispersal (quivered)
 e - 63 stones
 g - 12 poisoned darts
 k - 22 bolts
Armour
 n - a +0 pair of boots (worn)
 v - a +2 robe of fire resistance (worn)
Magical Staves
 r - a staff of air
Wands
 p - a wand of acid (8)
Scrolls
 c - a scroll of blinking
 h - 2 scrolls of immolation {unknown}
 i - 2 scrolls of identify {unknown}
 j - a scroll of fog {unknown}
 l - a scroll of enchant armour {unknown}
 t - 2 scrolls of magic mapping {unknown}
Potions
 m - a potion of flight {unknown}
 q - a potion of brilliance {unknown}
 u - a potion of mutation {unknown}


   Skills:
 + Level 4.9 Fighting
 + Level 1.9 Short Blades
 + Level 1.9 Long Blades
 + Level 1.9 Axes
 + Level 1.9 Maces & Flails
 + Level 4.9 Polearms
 + Level 1.9 Staves
 + Level 1.9 Slings
 + Level 1.9 Bows
 + Level 1.9 Crossbows
 + Level 3.2 Throwing
 + Level 3.2 Armour
 + Level 4.9 Dodging
 + Level 1.9 Stealth
 + Level 1.9 Shields
 + Level 1.9 Unarmed Combat
 + Level 5.3 Spellcasting
 + Level 1.5 Conjurations
 + Level 1.5 Hexes
 + Level 1.5 Summonings
 + Level 1.5 Necromancy
 + Level 5.6 Translocations
 + Level 1.5 Transmutations
 + Level 1.5 Fire Magic
 + Level 1.5 Ice Magic
 + Level 1.5 Air Magic
 + Level 1.5 Earth Magic
 + Level 1.5 Poison Magic
 + Level 2.1 Invocations
 + Level 1.9 Evocations


You had 13 spell levels left.
You knew the following spells:

 Your Spells              Type           Power      Damage    Failure   Level
a - Blink                 Tloc           36%        N/A       2%          2

Your spell library contained the following spells:

 Spells                   Type           Power      Damage    Failure   Level
 Gell's Gravitas          Tloc           18%        N/A       5%          3
 Lesser Beckoning         Tloc           18%        N/A       5%          3
 Teleport Other           Tloc           18%        N/A       5%          3
 Manifold Assault         Tloc           18%        N/A       43%         5


Dungeon Overview and Level Annotations

Branches:
Dungeon (4/15)
 Temple: D:4-7

Altars:

Annotations:
D:3 Grinder


Innate Abilities, Weirdness & Mutations

You have very sharp teeth.
Your uncanny sense of smell can sniff out nearby items.
Your experience applies equally to all skills.


Message History

Press: ? - help, Q - select action, (/) - cycle Shift-Dir - straight line, f/p - Grinder
Aim: Grinder (heavily wounded, 55% to hit)
You throw a curare-tipped dart.
The curare-tipped dart closely misses Grinder.
Unknown command.
Throw: 2 darts (curare)
Press: ? - help, Q - select action, (/) - cycle Shift-Dir - straight line, f/p - Grinder
Aim: Grinder (moderately wounded, 55% to hit)
You throw a curare-tipped dart.
The curare-tipped dart closely misses Grinder.
Unknown command.
Unknown command.
Throw: dart (curare)
Press: ? - help, Q - select action, (/) - cycle Shift-Dir - straight line, f/p - Grinder
Aim: Grinder (moderately wounded, 55% to hit)
You throw a curare-tipped dart. The curare-tipped dart hits Grinder.
Grinder is moderately wounded.
Grinder gestures at you.
You barely resist.
Unknown command.
Grinder barely misses you.
You hit Grinder but do no damage.
Grinder is poisoned.
Grinder is moderately wounded.
Grinder hits you.
You writhe in agony.
You closely miss Grinder.
Grinder is heavily wounded.
Grinder gestures at you. Pain shoots through your body!
You hit Grinder.
Grinder is heavily wounded.
Grinder hits you.
* * * LOW HITPOINT WARNING * * *
You writhe in agony.
* * * LOW HITPOINT WARNING * * *
You barely miss Grinder. You punch Grinder.
Grinder is severely wounded.
Grinder hits you!
* * * LOW HITPOINT WARNING * * *
You writhe in agony.
You die...

#....#....#...##.
#.....#..#....##.
##..##..##..##....
#(..##..##..# .#..
###.#....#..#....#..
.......#....#...#..
##.....#..##..#..#..
##5#.#...##...#.#..
#@.#......... #.#
#?##>#.#.#.. #..
#......#... ###
####.###.#### #
#.....†..# # .
#..##.##.######
#...##......#.......
#.......##..........
#...##..##..#.......


You could see Grinder (very poisoned).

Vanquished Creatures
  Sigmund (D:3)
  An iguana (D:3)
  An orc wizard (D:4)
  2 adders
  A worm (D:3)
  A dart slug (D:3)
  5 orcs
  6 ball pythons
  4 endoplasms
  2 giant cockroaches
  3 goblins
  3 hobgoblins
  2 quokkas
  4 bats
  3 frilled lizards
  8 kobolds
  3 rats
50 creatures vanquished.

Notes
Turn   | Place    | Note
-------+----------+-------------------------------------------
     0 | D:1      | Ablot the Gnoll Warper began the quest for the Orb.
     0 | D:1      | Reached XP level 1. HP: 20/20 MP: 6/6
   167 | D:1      | Reached XP level 2. HP: 15/26 MP: 7/7
   176 | D:1      | Learned a level 2 spell: Blink
   506 | D:1      | Found a faded altar of an unknown god.
  1020 | D:2      | Reached XP level 3. HP: 31/31 MP: 9/9
  1025 | D:2      | Reached skill level 5 in Spellcasting
  1185 | D:2      | You fall into a shaft and drop 2 floors!
  1208 | D:4      | Reached skill level 1 in Short Blades
  1208 | D:4      | Reached skill level 1 in Long Blades
  1208 | D:4      | Reached skill level 1 in Axes
  1208 | D:4      | Reached skill level 1 in Maces & Flails
  1208 | D:4      | Reached skill level 1 in Staves
  1208 | D:4      | Reached skill level 1 in Slings
  1208 | D:4      | Reached skill level 1 in Bows
  1208 | D:4      | Reached skill level 1 in Crossbows
  1208 | D:4      | Reached skill level 1 in Stealth
  1208 | D:4      | Reached skill level 1 in Shields
  1208 | D:4      | Reached skill level 1 in Unarmed Combat
  1208 | D:4      | Reached skill level 1 in Invocations
  1208 | D:4      | Reached skill level 1 in Evocations
  1208 | D:4      | Reached XP level 4. HP: 25/38 MP: 11/11
  1656 | D:3      | Reached skill level 1 in Conjurations
  1656 | D:3      | Reached skill level 1 in Hexes
  1656 | D:3      | Reached skill level 1 in Summonings
  1656 | D:3      | Reached skill level 1 in Necromancy
  1656 | D:3      | Reached skill level 1 in Transmutations
  1656 | D:3      | Reached skill level 1 in Fire Magic
  1656 | D:3      | Reached skill level 1 in Ice Magic
  1656 | D:3      | Reached skill level 1 in Air Magic
  1656 | D:3      | Reached skill level 1 in Earth Magic
  1656 | D:3      | Reached skill level 1 in Poison Magic
  2542 | D:3      | Noticed Sigmund
  2572 | D:3      | Killed Sigmund
  2573 | D:3      | Reached XP level 5. HP: 16/43 MP: 12/12
  2573 | D:3      | Reached XP level 6. HP: 18/50 MP: 14/14
  3108 | D:3      | Noticed Grinder
  3117 | D:3      | Paralysed by Grinder for 6 turns
  3133 | D:3      | Slain by Grinder

Illustrated notes

Levels and vault maps discovered:
D:1:      dpeg_arrival_pits, layout_basic, ebering_ecumenical_altar_abandoned
D:2:      layout_basic, minmay_misc_feat_rugged, grunt_decor_cap
D:3:      layout_loops_cross, mainiacjoe_overflow_alcove_1, minivault_26,
          minmay_misc_feat_x, saegor_snake_ambush, uniq_sigmund, uniq_grinder
D:4:      minmay_polygon_palace, layout_basic, grunt_temple_overflow_opulence,
          kennysheep_little_box, mainiacjoe_overflow_six_doors_small,
          mainiacjoe_overflow_swirl, uniq_ijyb, uniq_blork_the_orc, uniq_robin

Skill      XL: |  1  2  3  4 |
---------------+-------------+-----
Spellcasting   | 5 |  5.3
Short Blades   | 1 |  1.9
Long Blades    | 1 |  1.9
Axes           | 1 |  1.9
Maces & Flails | 1 |  1.9
Staves         | 1 |  1.9
Slings         | 1 |  1.9
Bows           | 1 |  1.9
Crossbows      | 1 |  1.9
Stealth        | 1 |  1.9
Shields        | 1 |  1.9
Unarmed Combat | 1 |  1.9
Invocations    | 1 2 |  2.1
Evocations     | 1 |  1.9
Conjurations   | 1 |  1.5
Hexes          | 1 |  1.5
Summonings     | 1 |  1.5
Necromancy     | 1 |  1.5
Transmutations | 1 |  1.5
Fire Magic     | 1 |  1.5
Ice Magic      | 1 |  1.5
Air Magic      | 1 |  1.5
Earth Magic    | 1 |  1.5
Poison Magic   | 1 |  1.5
Throwing       | 3 |  3.2
Armour         | 3 |  3.2
Fighting       | |  4.9
Polearms       | |  4.9
Dodging        | |  4.9
Translocations | |  5.6

Action                   |  1- 3 |  4- 6 || total
-------------------------+-------+-------++-------
Melee: Dagger            |    91 |    75 ||   166
       Spear             |     3 |       ||     3
       Bite              |     4 |     8 ||    12
       Punch             |     1 |     3 ||     4
Throw: Dart              |       |     5 ||     5
 Stab: Sleeping          |     1 |     1 ||     2
Armor: Leather armour    |    24 |    10 ||    34
       Robe              |       |     4 ||     4
Dodge: Dodged            |    42 |    37 ||    79
